 Dungeon Crawl Stone Soup version 0.30.1-9-gdf580d7c3d (webtiles) character file.

Game seed: 6473981148405512097

321 KittyFluff the Cudgeller (level 6, -3/57 HPs)
             Began as a Gargoyle Berserker on Oct 21, 2023.
             Was a Priest of Trog.
             Slain by a gnoll
             ... wielding a +0 flail
              (9 damage)
             ... on level 4 of the Dungeon.
             The game lasted 00:09:20 (2071 turns).

KittyFluff the Cudgeller (Gargoyle Berserker)       Turns: 2071, Time: 00:09:21

Health: -3/57      AC: 10    Str: 23    XL:     6   Next: 46%
Magic:  6/6        EV: 12    Int:  7    God:    Trog [***...]
Gold:   224        SH:  0    Dex:  9    Spells: 5/5 levels left

rFire   + . .        e - +0 mace (drain)
rCold   . . .        (no shield)
rNeg    + . .        k - +2 robe {rF+}
rPois   ∞            (no helmet)
rElec   +            (no cloak)
rCorr   .            (no gloves)
SInv    .            r - +0 pair of boots
Will    .....        (no amulet) Stlth
                     (no ring)
HPRegen 0.29/turn    (no ring)
MPRegen 0.10/turn

%: no passive effects
@: berserking, very quick
A: sickness immunity, AC +4, negative energy resistance 1, electricity
resistance, torment resistance 1, petrification resistance
a: Renounce Religion, Berserk, Trog's Hand


You were on level 4 of the Dungeon.
You worshipped Trog.
Trog was most pleased with you.
You visited 1 branch of the dungeon, and saw 4 of its levels.
You also visited: Sewer.

You collected 224 gold pieces.

Inventory:

Hand Weapons
 e - a +0 mace of draining (weapon)
 q - a +0 sling
Armour
 k - a +2 robe of fire resistance (worn)
 n - a +0 troll leather armour {Pargi}
 r - a +0 pair of boots (worn)
Wands
 p - a wand of roots (8)
Scrolls
 a - 2 scrolls of identify {unknown}
 c - 2 scrolls of teleportation {unknown}
 d - 2 scrolls of enchant weapon {unknown}
 o - a scroll of immolation {unknown}
Potions
 b - a potion of degeneration {unknown}
 f - 3 potions of lignification {unknown}
 g - a potion of cancellation {unknown}
 h - a potion of might {unknown}
 i - 3 potions of curing {unknown}
 j - a potion of flight {unknown}
 l - 2 potions of attraction {unknown}
 m - 2 potions of berserk rage
 s - a potion of heal wounds {unknown}


   Skills:
 + Level 4.3 Fighting
 * Level 4.7 Maces & Flails
 * Level 4.5 Armour
 + Level 2.5 Dodging


You had 5 spell levels left.
You didn't know any spells.
Your spell library was empty.

Dungeon Overview and Level Annotations

Branches:
Dungeon (4/15)              Sewer (visited)
 Temple: D:4-7

Altars:
Dithmenos
Elyvilon
Okawaru

Shops:
D:4 *=


Innate Abilities, Weirdness & Mutations

You are immune to sickness and miasma.
Your stone body is resilient. (AC +4)
You are immune to poison.
You resist negative energy. (rN+)
You are resistant to electric shocks. (rElec)
You are resistant to unholy torment.
You are immune to petrification.


Message History

Trog accepts your kill. The gnoll hits you but does no damage.
Things that are here:
a +0 halberd; a gnoll corpse You closely miss the gnoll.
A gnoll comes into view. It is wielding a +0 flail.
You hit the gnoll but do no damage. You drain the gnoll.
The gnoll is moderately wounded.
A white imp comes into view.
The gnoll barely misses you. The gnoll hits you but does no damage.
The white imp shouts, "Get thee hence, thou craven kobold-kissing swadder!"
You thump the gnoll! You drain the gnoll.
You kill the gnoll!
Trog accepts your kill. The gnoll hits you but does no damage.
An endoplasm comes into view.
You barely miss the gnoll. The gnoll completely misses you.
You hit the gnoll but do no damage. The gnoll hits you with a +0 flail!
The gnoll hits you with a +0 club. The gnoll hits you with a +0 flail.
The gnoll barely misses you.
You barely miss the gnoll. The gnoll barely misses you.
The gnoll hits you with a +0 club!
You sock the gnoll! You drain the gnoll.
You kill the gnoll!
Trog accepts your kill. The gnoll hits you but does no damage.
You barely miss the gnoll. The gnoll hits you with a +0 flail!
* * * LOW HITPOINT WARNING * * *
You closely miss the gnoll. The gnoll barely misses you.
A red film seems to cover your vision as you go berserk!
You feel yourself moving faster!
You feel mighty! The gnoll hits you but does no damage.
The white imp lashes its tail.
You barely miss the gnoll. The gnoll hits you with a +0 flail.
* * * LOW HITPOINT WARNING * * *
You closely miss the gnoll. The gnoll hits you with a +0 flail.
* * * LOW HITPOINT WARNING * * *
The white imp shouts, "Surrender, thou puking weeb-spouting harpy!"
You closely miss the gnoll. The gnoll hits you with a +0 flail!
You die...

#...# .... #
####.#### ......#
#.......# ......#
#.##.##.#.......#
#.##............#
#.#...####.## #..
##.....##.....##.#
#......#.......#.#
#@)....#.......#..
#g#........_...)..
#5#....#.......#..
#J#....#.......#..
.......##.....##.#
..###..####.####.#
..# #...........#
.... ####..#...###
##.....#


You could see a gnoll, a white imp and an endoplasm.

Vanquished Creatures
  Pargi (Sewer)
  An orc priest (D:3)
  Jessica (D:2)
  Natasha (D:3)
  An adder (D:4)
  3 gnolls (D:4)
  A white imp (D:4)
  3 worms
  3 dart slugs
  8 orcs
  6 bats
  3 endoplasms (D:1)
  6 giant cockroaches
  7 goblins
  4 hobgoblins
  3 jackals (D:1)
  4 kobolds
  7 quokkas
  6 ball pythons
  4 frilled lizards (D:1)
  6 rats
79 creatures vanquished.

Notes
Turn   | Place    | Note
-------+----------+-------------------------------------------
     0 | D:1      | KittyFluff the Gargoyle Berserker began the quest for the
                  | Orb.
     0 | D:1      | Reached XP level 1. HP: 14/14 MP: 1/1
   188 | D:1      | Reached XP level 2. HP: 19/19 MP: 2/2
   486 | D:1      | Reached ** piety under Trog
   588 | D:1      | Reached XP level 3. HP: 15/23 MP: 3/3
  1046 | D:2      | Noticed Jessica
  1069 | D:2      | Killed Jessica
  1070 | D:2      | Reached XP level 4. HP: 13/29 MP: 4/4
  1256 | D:3      | Found a glowing drain.
  1296 | Sewer    | Entered a sewer
  1332 | Sewer    | Noticed Pargi
  1355 | Sewer    | Killed Pargi
  1356 | Sewer    | Reached XP level 5. HP: 19/33 MP: 5/5
  1512 | D:3      | Found an iron altar of Okawaru.
  1531 | D:3      | Reached *** piety under Trog
  1555 | D:3      | Noticed Natasha
  1572 | D:3      | Killed Natasha
  1686 | D:3      | Reached XP level 6. HP: 37/38 MP: 6/6
  1766 | D:3      | You fall into a shaft and drop 1 floor!
  1784 | D:4      | Found Gekaisoll's General Store.
  1812 | D:4      | Found Ting's Jewellery Shop.
  1839 | D:4      | Found a white marble altar of Elyvilon.
  1952 | D:4      | Found a shadowy altar of Dithmenos.
  2071 | D:4      | Slain by a gnoll

Illustrated notes

Levels and vault maps discovered:
D:1:      nzn_arrival_settlement, layout_basic
D:2:      layout_rooms, uniq_jessica
D:3:      layout_basic, okawaru_trees_2, gup_sewer_entry_pipe, uniq_natasha
D:4:      layout_loops_cross, amcnicky_altar_gilded, old_standard_altar,
          elyvilon_altar_5, serial_shops, nicolae_shop_gaudy_bauble,
          nicolae_shop_rolling_square, nicolae_shop_gaudy_bauble,
          ebering_ghost_gozag, serial_park_tiny_1, lightli_minifort

Skill      XL: |  1  2  3  4  5 |
---------------+----------------+-----
Armour         | 3 4 |  4.5
Dodging        | 2 |  2.5
Fighting       | 4 |  4.3
Maces & Flails | 4 |  4.7

Action                     |  1- 3 |  4- 6 || total
---------------------------+-------+-------++-------
  Melee: Mace              |    90 |   141 ||   231
         Punch             |     1 |     3 ||     4
 Invoke: Berserk           |       |     2 ||     2
 Armour: Animal skin       |     9 |       ||     9
         Leather armour    |    24 |       ||    24
         Robe              |       |    57 ||    57
  Dodge: Dodged            |    66 |   122 ||   188
